 BcadrenCrawl: Boulder Brew version 0.06-744-gf22570f5e0 (webtiles) character file.

Game seed: 12101504122013204501

105 LabCoat the Skirmisher (level 4, -2/59 HPs) Hill Orc Fighter. Began on Mar 7, 2023. Slain by a crocodile (9 damage) ... on level 2 of the Dungeon on Mar 8, 2023. The game lasted 00:07:39 (1399 turns).

LabCoat the Skirmisher (Hill Orc Fighter)           Turns: 1399, Time: 00:07:39

Health: -2/59      AC: 11    Str: 25    XL:     4 ^: 14
Magic:  4/4        EV:  9    Int:  8    God:
Gold:   85         SH:  8    Dex: 15    Spells: 3/3 levels left

rFire    x . .     Slash    .   a - +0 war axe
rCold    . . .     Pierce   .   c - +0 heater shield
rNeg     . . .     Bludgeon .   b - +0 scale mail
rCorr    . . .     Vision   .   s - +2 hat
rPois    .         Gourm    .   p - +1 cloak of the Imp {rF- Str+6 Dex+5}
rElec    .         Faith    .   (no gloves)
MR       ++...     Spirit   .   (no boots)
HPRegen  0.29/turn Reflect  .   (no amulet)
MPRegen  0.14/turn Harm     .   (no ring)
Stlth    ..........             (no ring)

@: very slightly contaminated, invisible
A: magic resistance, soft flesh
a: no special abilities


You were on level 2 of the Dungeon.
You were not hungry.

You visited 1 branch of the dungeon, and saw 2 of its levels.

You collected 85 gold pieces.

Inventory:

Weapons
 a - a +0 war axe (weapon)
 k - a +2 mace of crushing Shields
 c - a +0 heater shield (shield)
Armour
 b - a +0 scale mail (worn)
 p - the +1 cloak of the Imp (worn) {rF- Str+6 Dex+5}
   (You acquired it on level 1 of the Dungeon)

   It affects your strength (+6).
   It affects your dexterity (+5).
   It makes you vulnerable to fire.
 s - a +2 hat (worn)
Jewellery
 q - a cursed ring of intelligence {(Curse: MR-)}
Scrolls
 g - a scroll of summoning
 l - a scroll of immolation
 r - a scroll of enchantment
 t - a scroll of fear
Potions
 i - a potion of mutation
 j - 3 potions of brilliance
 o - a potion of ambrosia
Comestibles
 f - 5 rations
 h - 4 chunks of flesh


   Skills:
 * Level 4.7 Fighting
 * Level 3.9 Axes & Hammers
 + Level 3.6 Armour
 * Level 1.4 Dodging
 + Level 3.6 Shields


You had 3 spell levels left.
You didn't know any spells.
Your spell library was empty.

Dungeon Overview and Level Annotations

Branches:
Dungeon (2/8)

Altars:


Innate Abilities, Weirdness & Mutations

((Your soft flesh is weak to deep cuts.
Heavy manmade armour will nullify this weakness. (rSlashing-)))
You are highly resistant to hostile enchantments. (MR++)


Message History

The crocodile is heavily wounded. (12/28) HP You slash the ball python (8)!
It is lacerated severely!
You kill the ball python!
The crocodile bites you (10)!
* * * LOW HITPOINT WARNING * * *
You block the crocodile's attack.
You feel better.
You drop the empty bottle.
The crocodile bites you but does no damage.
You see here 2 empty bottles.
You strike the helpless crocodile from behind!
You hit the crocodile (2).
It resists.
The crocodile is severely wounded. (11/28) HP The crocodile bites you (1).
* * * LOW HITPOINT WARNING * * *
The crocodile bites you but does no damage.
You see here an adder skeleton.
You hit the crocodile but do no damage.
The crocodile is severely wounded. (11/28) HP The crocodile bites you (9)!
You die...

###..##≈≈≈≈≈≈≈≈
≈##..≈#≈≈≈≈≈≈≈≈ ≈≈
≈##≈.##≈≈≈≈≈≈≈≈ ≈≈≈
###. #≈.##≈≈≈P≈≈≈≈ ≈≈≈#
#≈.. ##.}≈≈P≈≈≈≈≈≈
≈≈≈.##..###..##≈≈≈≈P≈≈≈
≈≈..##≈..#≈≈##≈≈≈≈≈P≈≈
≈≈ #..#}t.##≈≈#≈≈≈≈≈≈≈≈
≈≈≈ #≈≈@†####≈≈≈≈≈≈≈≈≈≈
≈≈≈.###.##≈≈#..÷≈≈≈≈≈≈≈
≈≈.≈..≈.#≈...<.}≈≈≈≈≈≈≈
≈≈.#..≈≈.....##.≈≈≈≈≈≈≈
≈...###P....###.≈≈≈≈≈≈≈


PP≈ #P..≈.≈.##≈.≈≈≈≈≈≈ ## ################## You could see a crocodile.

Vanquished Creatures
  A jelly (D:2)
  An adder (D:2)
  3 cinder newts
  A worm (D:2)
  A dart slug (D:1)
  2 leopard geckos
  A ball python (D:2)
  A cinder newt skeleton (D:2)
  5 goblins (D:1)
  7 hobgoblins (D:1)
  9 kobolds (D:1)
  3 bats (D:1)
  5 rats (D:1)
  2 withered plants (D:2)
42 creatures vanquished.

Vanquished Creatures (others)
  A big kobold (D:2)
  A giant cockroach (D:2)
  2 bats (D:2)
  7 kobolds (D:2)
  A slimehead (D:2)
  67 withered plants (D:2)
79 creatures vanquished.

Grand Total: 121 creatures vanquished

Notes
Turn   | Place    | Note
-------+----------+-------------------------------------------
     0 | D:1      | LabCoat the Hill Orc Fighter began the quest for the Orb.
     0 | D:1      | Reached XP level 1. HP: 29/29 MP: 1/1
   137 | D:1      | Reached XP level 2. HP: 39/39 MP: 2/2
   255 | D:1      | Reached skill level 4 in Fighting
   421 | D:1      | Reached XP level 3. HP: 31/49 MP: 3/3
   528 | D:1      | Identified a scroll of acquirement
   758 | D:1      | Reached skill level 1 in Dodging
  1126 | D:1      | Acquired the +1 cloak of the Imp {rF- Str+6 Dex+5}
  1187 | D:2      | Reached XP level 4. HP: 31/59 MP: 4/4
  1191 | D:2      | Gained mutation: You are highly resistant to hostile
                  | enchantments. (MR++) [potion of mutation]
  1377 | D:2      | Noticed a crocodile
  1388 | D:2      | Killed a big kobold
  1394 | D:2      | HP: 2/59 [crocodile (10)]
  1399 | D:2      | Slain by a crocodile

Illustrated notes

Levels and vault maps discovered:
D:1:      tarquinn_simple_flora_water_a, layout_basic
D:2:      layout_sewer, sewer_frog_spiral, first_ration, serial_undead,
          serial_undead_b, serial_undead_c, serial_undead_d, serial_undead_b,
          serial_undead_d, serial_undead_d

Skill      XL: |  1  2  3 |
---------------+----------+-----
Axes & Hammers | 3 |  3.9
Fighting       | 4 |  4.7
Dodging        | 1 |  1.4
Armour         | |  3.6
Shields        | |  3.6

Action                   |  1- 3 |  4- 6 || total
-------------------------+-------+-------++-------
Melee: War axe           |    21 |    26 ||    47
       Mace              |    46 |       ||    46
Throw: Stone             |    11 |       ||    11
       Bone              |     6 |       ||     6
       Rusty metal       |     5 |       ||     5
       Skull             |     3 |       ||     3
  Use: Potion            |     1 |     6 ||     7
       Scroll            |     1 |       ||     1
 Stab: Invisible         |       |     2 ||     2
  Eat: Chunk             |     1 |     1 ||     2
Armor: Scale mail        |    38 |    10 ||    48
Dodge: Dodged            |    13 |     4 ||    17
Block: Heater shield     |    32 |    12 ||    44
